 Dungeon Crawl Stone Soup version 0.19.4-10-g532645f (webtiles) character file.

202 Kosschaser the Sneak (level 5, 0/26 HPs)
             Began as a Vine Stalker Assassin on Feb 24, 2017.
             Slain by a hound (2 damage)
             ... on level 4 of the Dungeon.
             The game lasted 00:10:53 (3162 turns).

Kosschaser the Sneak (Vine Stalker Assassin)        Turns: 3162, Time: 00:10:54

Health: 0/26       AC:  4    Str: 13    XL:     5   Next: 80%
Magic:  0/6        EV: 12    Int: 11    God:
Gold:   179        SH:  0    Dex: 17    Spells: 1 memorised, 2 levels left

rFire  . . .     SeeInvis .     t - +0 dagger (vamp)
rCold  . . .     Gourm    .     c - +0 robe
rNeg   . . .     Faith    .     (no shield)
rPois  .         Spirit   +     (no helmet)
rElec  .         Reflect  .     d - +0 cloak
rCorr  .         Harm     .     s - +0 pair of gloves
MR     .....                    (no boots)
Stlth  ++++......               (no amulet)
                                (no ring)
                                (no ring)

@: very slightly contaminated
A: fangs 2, regeneration 1, magic shield, antimagic bite, no device heal 3, rot
immunity
a: no special abilities


You were on level 4 of the Dungeon.
You were hungry.

You visited 1 branch of the dungeon, and saw 4 of its levels.

You collected 179 gold pieces.

Inventory:

Hand Weapons
 a - a +2 dagger
 b - a +0 blowgun
 t - a +0 vampiric dagger (weapon)
 x - a +0 dagger of venom
Missiles
 e - 8 poisoned needles
 f - 2 curare-tipped needles
Armour
 c - a +0 robe (worn)
 d - a +0 cloak (worn)
 s - a +0 pair of gloves (worn)
Jewellery
 o - a cursed amulet of inaccuracy {unknown}
Scrolls
 h - a scroll of amnesia {unknown}
 j - a scroll of enchant armour {unknown}
 l - a scroll of remove curse {unknown}
 n - 3 scrolls of enchant weapon {unknown}
 p - a scroll of identify {unknown}
Potions
 k - a potion of invisibility {unknown}
 m - a potion of resistance {unknown}
 q - 5 potions of curing {unknown}
 r - a potion of might {unknown}
 u - a potion of degeneration {unknown}
 v - a potion of flight {unknown}
Books
 y - a book of Maledictions

   Spells                             Type                      Level
   a - Corona                         Hexes                        1
   b - Ensorcelled Hibernation        Hexes/Ice                    2
   c - Confuse                        Hexes                        3
   d - Tukima's Dance                 Hexes                        3
   e - Dazzling Spray                 Conjuration/Hexes            3
Comestibles
 g - 4 bread rations
 i - a slice of pizza
 w - a meat ration


   Skills:
 + Level 2.2 Fighting
 + Level 2.6 Short Blades
 + Level 2.0 Throwing
 + Level 1.3 Dodging
 * Level 7.5 Stealth


You had 2 spell levels left.
You knew the following spells:

 Your Spells              Type           Power        Failure   Level  Hunger
a - Ensorcelled Hibernat  Hex/Ice        #.....       56%         2    ###....


Dungeon Overview and Level Annotations

Branches:
Dungeon (4/15)
 Temple: D:4-7

Altars:
Ru
Sif Muna
Xom

Annotations:
D:3 Grinder
D:4 harcile's ghost, amateur HuFE


Innate Abilities, Weirdness & Mutations

You have extremely sharp teeth.
Your natural rate of healing is unusually fast.
When hurt, damage is shared between your health and your magic reserves.
Your bite disrupts and absorbs the magic of your enemies.
Potions and wands cannot restore your health.
You are immune to rotting.


Message History

You are too injured to fight recklessly!
You barely miss the hound.
The hound is severely wounded.
The leopard gecko bites you.
* * * LOW HITPOINT WARNING * * *
The giant cockroach barely misses you. The hound bites you.
* * * LOW HITPOINT WARNING * * *
You hit the leopard gecko. Your bite misses the leopard gecko.
The leopard gecko is almost dead.
The leopard gecko bites you.
* * * LOW HITPOINT WARNING * * *
The giant cockroach misses you. The hound misses you.
The crimson imp shouts, "Go and return not, thou clouted fat-kidneyed vulture!"
The leopard gecko bites you.
* * * LOW HITPOINT WARNING * * *
You hit the leopard gecko but do no damage.
Your bite misses the leopard gecko.
The leopard gecko is severely wounded.
The hound bites you.
You die...

#........#
#..$.....#
+........#
###.!......#
..'.....5..#
#........#
#...slh..#
#....@...#
#..(.....#
#..#####........#
#.........#.#####
#..######.#.# #.>#
#.#.# #..# ##.#)#
#..# #..#.#######
#..#####.##.......#


You could see a hound, a crimson imp, a leopard gecko and a giant cockroach.

Vanquished Creatures
  A scorpion (D:4)
  4 adders
  2 oozes (D:1)
  4 worms (D:2)
  4 dart slugs
  2 leopard geckos (D:1)
  6 orcs
  2 ball pythons
  5 giant cockroaches
  8 goblins
  7 hobgoblins
  4 jackals (D:1)
  2 quokkas
  10 bats
  5 frilled lizards
  9 kobolds
  5 rats
80 creatures vanquished.

Notes
Turn   | Place    | Note
-------+----------+-------------------------------------------
     0 | D:1      | Kosschaser the Vine Stalker Assassin began the quest for the Orb.
     0 | D:1      | Reached XP level 1. HP: 11/11 MP: 2/2
    43 | D:1      | Reached skill level 5 in Stealth
    66 | D:1      | Reached XP level 2. HP: 5/15 MP: 0/3
   363 | D:1      | Reached XP level 3. HP: 16/18 MP: 2/4
   402 | D:1      | Reached skill level 1 in Dodging
   685 | D:1      | Reached skill level 6 in Stealth
   909 | D:1      | You fall through a shaft!
   909 | D:2      | Found a faded altar of an unknown god.
  1301 | D:2      | Gained mutation: Your natural rate of healing is unusually fast. [Vine Stalker growth]
  1301 | D:2      | Reached XP level 4. HP: 11/23 MP: 3/5
  2200 | D:3      | Noticed Grinder
  2205 | D:4      | Noticed harcile's ghost (amateur HuFE)
  2326 | D:3      | Reached XP level 5. HP: 26/26 MP: 6/6
  2521 | D:3      | Found a sacrificial altar of Ru.
  2655 | D:3      | Found a shimmering altar of Xom.
  2793 | D:3      | Reached skill level 7 in Stealth
  2960 | D:3      | Found a deep blue altar of Sif Muna.
  3107 | D:4      | Learned a level 2 spell: Ensorcelled Hibernation
  3161 | D:4      | HP: 1/26 [leopard gecko (1)]
  3162 | D:4      | Slain by a hound

Skill      XL: |  1  2  3  4  5 |
---------------+----------------+-----
Stealth        | 5 6 7 |  7.5
Short Blades   | 2 |  2.6
Dodging        | 1 |  1.3
Throwing       | 2 |  2.0
Fighting       | 2 |  2.2

Action                   |  1- 3 |  4- 6 || total
-------------------------+-------+-------++-------
Melee: Dagger            |   125 |   149 ||   274
       Bite              |    34 |    33 ||    67
 Fire: Blowgun           |       |     2 ||     2
 Cast: Ensorcelled Hiber |       |     2 ||     2
 Stab: Sleeping          |     9 |    12 ||    21
       Invisible         |       |     1 ||     1
       Paralysed         |       |     1 ||     1
  Eat: Chunk             |     1 |     6 ||     7
       Pizza             |       |     2 ||     2
       Beef jerky        |       |     1 ||     1
Armor: Robe              |    36 |    37 ||    73
Dodge: Dodged            |    66 |    93 ||   159
